Map: Prion Terraces

Players

Miszu

  • Race: Terran Terran
  • League: Master

Healer - Winner!

  • Race: Terran Terran
  • League: Master

VOD

Have the link to the VOD?

Description

Time

  • Played on: April 8, 2016, 11:59 a.m.
  • Length: 10:56
Show
View Real Time Build Order
Export as new Build Order

Miszu Terran 

Build Orders: 1/1/1, MMM Bio 

Get SALT Encoding   

  12  0:01  SCV  
  13  0:13  SCV  
  14  0:19  Supply Depot  
  14  0:25  SCV  
  15  0:40  SCV  
  15  0:42  Barracks  
  16  0:47  Refinery  
  16  0:51  Refinery  
  16  0:53  SCV  
  17  1:05  SCV  
  18  1:17  SCV  
  19  1:29  Orbital Command  
  19  1:31  Marine  
  20  1:35  Supply Depot  
  20  1:38  Factory  
  20  1:50  Marine  
  21  1:54  SCV  
  22  2:07  SCV  
  22  2:08  Marine  
  24  2:19  SCV  
  25  2:24  Starport  
  25  2:25  Hellion  
  25  2:26  Marine  
  25  2:28  Supply Depot  
  28  2:35  SCV  
  29  2:43  Marine  
  30  2:46  Factory Tech Lab  
  30  2:48  SCV  
  31  2:51  Supply Depot  
  31  3:02  Marine, SCV  
  31  3:14  SCV  
  31  3:17  Raven, Factory Tech Lab  
  34  3:26  Command Center  
  34  3:28  SCV  
  34  3:30  Barracks Reactor  
  35  3:39  Siege Tank  
  35  3:40  SCV  
  39  3:51  Barracks  
  39  3:52  SCV  
  40  3:56  Barracks  
  40  4:05  SCV  
  40  4:09  Starport Reactor  
  41  4:11  Siege Tank  
  41  4:15  Supply Depot  
  44  4:20  Marine  
  44  4:21  Marine  
  46  4:32  SCV  
  46  4:35  Refinery  
  45  4:44  SCV  
  46  4:48  SCV  
  46  4:50  Viking  
  48  5:09  SCV  
  49  5:19  Orbital Command  
  48  5:21  SCV  
  48  5:22  Marine x2  
  48  5:26  Marine  
  48  5:27  Stimpack  
  52  5:32  Barracks Tech Lab  
  52  5:33  SCV  
  53  5:36  Engineering Bay  
  53  5:38  Medivac  
  53  5:39  Marine, Medivac  
  58  5:45  SCV  
  58  5:46  Marine x2  
  61  5:50  SCV  
  61  5:51  Combat Shields  
  61  5:56  Siege Tank  
  65  5:57  Marine  
  65  5:58  SCV  
  65  5:59  Supply Depot  
  65  6:03  SCV  
  68  6:04  Supply Depot  
  68  6:07  Terran Infantry Weapons Level 1  
  68  6:13  Medivac  
  70  6:19  Marine x2  
  70  6:21  Marine x2  
  72  6:26  SCV  
  72  6:27  SCV  
  74  6:33  Barracks  
  74  6:35  Barracks  
  74  6:36  Supply Depot, Marine  
  74  6:38  SCV  
  74  6:40  Marine x2  
  74  6:41  Marine  
  74  6:42  SCV  
  78  6:50  SCV  
  78  6:54  Marine, SCV  
  78  7:00  Marine  
  81  7:01  Marine x2  
  81  7:02  Medivac x2  
  81  7:07  Supply Depot x2  
  84  7:12  Marine  
  79  7:16  SCV x2  
  79  7:18  Marine  
  79  7:19  Marine x2  
  79  7:21  Barracks Reactor  
  79  7:22  Barracks Reactor  
  84  7:28  SCV  
  85  7:30  Command Center  
  85  7:31  Marine  
  85  7:36  Marine, Refinery  
  87  7:44  Siege Tank  
  87  7:45  Medivac  
  87  7:48  Engineering Bay  
  87  7:51  Marine x2  
  92  7:55  SCV  
  92  7:56  SCV, Armory  
  87  8:07  SCV  
  87  8:11  Marine x6  
  86  8:28  Medivac, Siege Tank  
  86  8:29  Marine x6  
  97  8:46  Marine  
  97  8:47  Marine x5  
  86  9:00  Siege Tank  
  80  9:04  Marine  
  80  9:05  Marine x5  
  86  9:10  Marine x2  
  88  9:22  Marine  
  88  9:23  Marine x5  
  94  9:27  Marine  
  94  9:28  Marine, Medivac  
  98  9:40  Marine x5  
  102  9:50  Marine x2  
  65  10:11  SCV  
  65  10:12  Marine, SCV  
  61  10:15  Marine  
  61  10:17  Marine  
  61  10:18  Marine x4  
  63  10:23  SCV  
  63  10:24  SCV  
  63  10:29  Marine  
  63  10:32  Marine  
  63  10:35  Marine, SCV  
Show
View Real Time Build Order
Export as new Build Order

Healer Terran - Winner!

Build Orders: 1/1/1, Cyclone Opening, Bio Tank 

Get SALT Encoding   

  12  0:00  SCV  
  13  0:12  SCV  
  14  0:17  Supply Depot  
  14  0:25  SCV  
  15  0:30  Refinery  
  15  0:39  SCV  
  16  0:47  Barracks  
  16  0:51  SCV  
  17  0:59  Refinery  
  17  1:03  SCV  
  18  1:15  SCV  
  19  1:34  Orbital Command  
  19  1:35  Reaper  
  20  1:42  Factory  
  20  1:52  Supply Depot  
  20  2:00  SCV  
  21  2:07  Barracks Tech Lab  
  21  2:12  SCV  
  22  2:24  SCV  
  22  2:26  Starport  
  23  2:31  Cyclone  
  23  2:36  SCV  
  27  2:37  Barracks Reactor  
  27  2:42  Supply Depot  
  27  2:48  SCV  
  28  2:54  Liberator  
  28  3:00  SCV  
  32  3:13  Widow Mine  
  32  3:16  Supply Depot, SCV  
  32  3:18  Marine x2  
  37  3:28  SCV  
  38  3:36  Marine  
  38  3:37  Marine  
  38  3:38  Supply Depot  
  38  3:40  SCV  
  38  3:54  Raven  
  38  3:55  Marine x2  
  41  3:57  Widow Mine  
  44  4:05  Command Center, SCV  
  45  4:13  Supply Depot  
  45  4:14  Marine  
  45  4:16  Marine  
  47  4:19  SCV  
  48  4:32  SCV  
  49  4:44  Marine, SCV  
  51  4:46  Viking x2  
  55  4:53  Siege Tank  
  55  4:58  SCV  
  59  5:02  Barracks Tech Lab  
  59  5:10  SCV  
  60  5:19  Orbital Command  
  60  5:22  SCV  
  60  5:26  Siege Tank  
  61  5:28  Refinery  
  61  5:31  Refinery  
  61  5:36  Marine, SCV  
  61  5:39  Viking  
  61  5:40  Viking  
  67  5:45  SCV  
  67  5:49  Barracks  
  68  5:51  Barracks  
  68  5:52  SCV  
  69  5:59  Marine  
  69  6:00  Stimpack  
  72  6:04  SCV x2  
  72  6:10  Supply Depot  
  72  6:12  Supply Depot  
  72  6:16  SCV x2  
  72  6:18  Medivac x2  
  78  6:25  Marine  
  76  6:28  SCV  
  76  6:32  SCV  
  79  6:34  Supply Depot, Engineering Bay  
  79  6:41  Barracks Reactor  
  79  6:42  Barracks Reactor  
  79  6:43  Marine  
  79  6:44  Barracks, SCV  
  81  6:47  Siege Tank, Barracks  
  84  7:01  Marine  
  85  7:15  Medivac  
  85  7:16  Medivac  
  85  7:18  Terran Infantry Weapons Level 1  
  85  7:19  Supply Depot, Marine  
  85  7:21  Supply Depot, Marine x4  
  94  7:23  Supply Depot  
  94  7:31  Supply Depot  
  94  7:35  Barracks Reactor x2  
  94  7:37  Marine  
  94  7:39  Marine x4  
  99  7:44  Supply Depot  
  99  7:45  Medivac  
  101  7:55  Marine  
  101  7:57  Marine x4  
  106  8:00  Combat Shields  
  106  8:12  Marine x2  
  106  8:13  Marine x2, Siege Tank  
  106  8:14  Marine x3  
  106  8:15  Marine x2  
  106  8:18  Supply Depot  
  105  8:30  Marine x3  
  105  8:31  Marine x2  
  105  8:33  Marine x4  
  111  8:46  Siege Tank  
  111  8:48  Marine x3  
  111  8:49  Marine x2  
  111  8:51  Marine x3  
  111  8:55  Marine  
  115  9:05  Marine  
  115  9:06  Marine x2  
  115  9:07  Marine x2, Medivac x2  
  115  9:09  Marine  
  125  9:18  Siege Tank  
  128  9:27  Marine x2  
  130  9:32  Marine x3  
  133  9:38  Marine x2  
  133  9:39  Marine x2  
  133  9:44  Marine  
  138  9:47  Marine  
  138  9:50  Marine x2, Siege Tank  
  142  9:58  Marine x5  
  122  10:02  Marine  
  122  10:04  Marine  
  120  10:08  Marine  
  120  10:13  Marine  
  106  10:15  Marine  
  106  10:16  Marine x3  
  106  10:17  Marine  
  106  10:20  Marine  
  112  10:22  Marine, Siege Tank  
  112  10:26  Marine  
Tags
 
Add a new tag
Caveats
  • Supply blocks, unpowered buildings, or Contaminate may cause inaccurate times.
  • Supply counts are checked every 10 seconds.